 Dungeon Crawl Stone Soup version 0.30-a0-949-g53dc5368d7 (webtiles) character file.

Game seed: 16569792939004542059

709 mopl the Chopper (level 7, -3/58 (62) HPs)
             Began as a Naga Fighter on Mar 27, 2023.
             Was a Follower of Cheibriados.
             Slain by a wight
             ... wielding a +0 morningstar
              (10 damage)
             ... on level 7 of the Dungeon.
             The game lasted 00:04:48 (3632 turns).

mopl the Chopper (Naga Fighter)                     Turns: 3632, Time: 00:04:49

HP:   -3/58 (62)    AC:  8    Str: 20    XL:     7   Next: 68%
MP:   8/8           EV:  3    Int: 13    God:    Cheibriados [*.....]
Gold: 197           SH:  9    Dex: 12    Spells: 2/6 levels left

rFire   . . .      SeeInvis +    a - +0 war axe
rCold   . . .      Faith    .    c - +0 buckler
rNeg    . . .      Spirit   .    n - +0 plate armour
rPois   +          Reflect  +    (no helmet)
rElec   .          Rampage  .    (no cloak)
rCorr   .                        (no gloves)
Will    .....                    (no barding) Stlth
                                 e - amulet of reflection
HPRegen 0.29/turn                (no ring)
MPRegen 0.11/turn                (no ring)

@: mighty, drained, very slow
A: AC +2, large, see invisible, deformed body, poison resistance, slowness 2,
spit poison 1, naga tail 1
a: Spit Poison, Renounce Religion, Bend Time


You were on level 7 of the Dungeon.
You worshipped Cheibriados.
Cheibriados was aware of your devotion.
You visited 2 branches of the dungeon, and saw 8 of its levels.

You collected 197 gold pieces.

Inventory:

Hand Weapons
 a - a +0 war axe (weapon)
Missiles
 l - 5 boomerangs
 q - 6 poisoned darts
Armour
 c - a +0 buckler (worn)
 n - a +0 plate armour (worn)
Jewellery
 e - an amulet of reflection (around neck)
Scrolls
 b - 6 scrolls of teleportation {unknown}
 f - 3 scrolls of torment {unknown}
 g - 2 scrolls of vulnerability {unknown}
 h - a scroll of immolation {unknown}
 k - 4 scrolls of identify {unknown}
 o - 3 scrolls of fog {unknown}
 p - a scroll of fear {unknown}
 r - a scroll of magic mapping {unknown}
 t - a scroll of enchant armour {unknown}
 u - 2 scrolls of butterflies {unknown}
 v - a scroll of poison {unknown}
 w - a scroll of amnesia {unknown}
Potions
 d - 3 potions of might
 i - 5 potions of curing
 j - a potion of mutation {unknown}
 m - 2 potions of attraction {unknown}
 s - a potion of magic {unknown}
 x - a potion of degeneration {unknown}
 z - a potion of invisibility {unknown}
 A - a potion of heal wounds {unknown}


   Skills:
 - Level 3.0 Fighting
 * Level 7.6 Axes
 - Level 2.4 Armour
 - Level 2.6 Shields
 + Level 3.0 Poison Magic
 + Level 2.3 Invocations


You had 2 spell levels left.
You knew the following spells:

 Your Spells              Type           Power      Damage    Failure   Level
o - Olgreb's Toxic Radia  Pois           7%         N/A       100%        4

Your spell library contained the following spells:

 Spells                   Type           Power      Damage    Failure   Level
 Sting                    Tmut/Pois      12%        1d3       100%        1
 Cigotuvi's Dreadful Rot  Necr/Pois/Air  4%         N/A       100%        2
 Lesser Beckoning         Tloc           0%         N/A       100%        2
 Poisonous Vapours        Pois/Air       6%         N/A       100%        2
 Gell's Gravitas          Tloc           0%         N/A       100%        3
 Mephitic Cloud           Conj/Pois/Air  2%         N/A       100%        3
 Teleport Other           Tloc           0%         N/A       100%        3


Dungeon Overview and Level Annotations

Branches:
Dungeon (7/15)             Temple (1/1) D:4

Altars:
Ashenzari
Cheibriados
Dithmenos
Elyvilon
Hepliaklqana
Makhleb
Nemelex Xobeh
Ru
Uskayaw
Wu Jian
Xom
Yredelemnul
The Shining One

Shops:
D:2 :


Innate Abilities, Weirdness & Mutations

Your serpentine skin is tough. (AC +2)
You have supernaturally acute eyesight. (SInv)
Armour fits poorly on your strangely shaped body.
Your system is resistant to poisons. (rPois)
You cover ground very slowly.
You can spit poison.
You have a snake-like lower body.


Message History

A hound comes into view.
The white imp gestures at you.
The puff of frost reflects off an invisible shield around you!
The puff of frost hits the white imp.
The white imp resists.
The white imp hits you but does no damage. x2
You block the wight's attack. The hound bites you.
The hound bites you but does no damage. The white imp gestures at you.
The puff of frost hits you.
The wight hits you from afar with a +5 trident!
The wight attacks as you move away!
The wight hits you with a +0 morningstar!
You feel drained. You block the hound's attack.
The hound bites you but does no damage. You block the hound's attack.
The hound attacks as you move away! You block the hound's attack.
The wight attacks as you move away! You block the wight's attack.
The hound bites you.
* * * LOW HITPOINT WARNING * * *
The white imp hits you but does no damage.
There is a stone staircase leading down here.
The hound bites you but does no damage. You block the wight's attack.
The wight hits you from afar with a +5 trident!
* * * LOW HITPOINT WARNING * * *
You feel drained.
The white imp hits you but does no damage.
The hound bites you.
* * * LOW HITPOINT WARNING * * *
You climb downwards.
There is a stone staircase leading up here.
Unknown command.
It was a potion of curing.
You feel better. You block the hound's attack.
The wight hits you with a +0 morningstar.
* * * LOW HITPOINT WARNING * * *
The white imp gestures at you.
The puff of frost reflects off an invisible shield around you!
The puff of frost misses the white imp.
You feel very mighty all of a sudden. The hound bites you but does no damage.
The wight hits you with a +0 morningstar!
You die...

. ...
########..#..
#...z@h....#
##..##5.....#
#. #...... #
...... ....#
..... ....
....


You could see a hound, a wight and a white imp.

Vanquished Creatures
  An ice beast (D:5)
  A phantom (D:4)
  3 scorpions
  2 orc priests
  2 iguanas (D:5)
  An orc wizard (D:4)
  A gnoll (D:1)
  10 adders
  2 shadow imps (D:5)
  A white imp (D:5)
  4 worms
  3 dart slugs
  9 orcs
  6 bats
  3 endoplasms
  6 giant cockroaches
  5 goblins
  4 hobgoblins
  8 jackals
  4 quokkas
  8 ball pythons
  6 frilled lizards
  3 kobolds (D:1)
  4 rats
97 creatures vanquished.

Vanquished Creatures (others)
  2 plants (D:1)
2 creatures vanquished.

Grand Total: 99 creatures vanquished

Notes
Turn   | Place    | Note
-------+----------+-------------------------------------------
     0 | D:1      | mopl the Naga Fighter began the quest for the Orb.
     0 | D:1      | Reached XP level 1. HP: 21/21 MP: 1/1
    52 | D:1      | Reached XP level 2. HP: 10/28 MP: 2/2
   135 | D:1      | Reached skill level 3 in Axes
   337 | D:1      | Reached XP level 3. HP: 30/34 MP: 3/3
   541 | D:1      | Found a faded altar of an unknown god.
   870 | D:2      | Reached skill level 4 in Axes
  1018 | D:2      | Found Ynkod's Book Emporium.
  1048 | D:2      | Reached XP level 4. HP: 42/42 MP: 4/4
  1476 | D:3      | Reached skill level 5 in Axes
  1516 | D:3      | Reached XP level 5. HP: 49/49 MP: 5/5
  2023 | D:4      | Noticed a phantom
  2037 | D:4      | Killed a phantom
  2038 | D:4      | Reached skill level 6 in Axes
  2038 | D:4      | Reached XP level 6. HP: 31/56 MP: 6/6
  2292 | D:4      | Found a sparkling altar of Nemelex Xobeh.
  2336 | D:4      | Learned a level 4 spell: Olgreb's Toxic Radiance
  2467 | D:4      | Found a staircase to the Ecumenical Temple.
  2474 | Temple   | Entered the Ecumenical Temple
  2826 | Temple   | Became a worshipper of Cheibriados the Contemplative
  3129 | D:5      | Entered Level 5 of the Dungeon
  3341 | D:5      | Reached skill level 1 in Poison Magic
  3341 | D:5      | Noticed an ice beast
  3353 | D:5      | Killed an ice beast
  3354 | D:5      | Reached skill level 7 in Axes
  3354 | D:5      | Reached skill level 1 in Invocations
  3354 | D:5      | Reached XP level 7. HP: 24/62 MP: 7/7
  3384 | D:5      | Reached * piety under Cheibriados
  3385 | D:5      | Reached skill level 2 in Poison Magic
  3605 | D:5      | Reached skill level 2 in Invocations
  3611 | D:5      | You fall into a shaft and drop 1 floor!
  3618 | D:6      | Reached skill level 3 in Poison Magic
  3629 | D:6      | HP: 1/58 [hound (5)]
  3632 | D:7      | Slain by a wight

Illustrated notes

Levels and vault maps discovered:
D:1:      kennysheep_arrival_seaside, layout_rooms,
          shapermc_ecumenical_altar_petra, nicolae_grassy_gnolls
D:2:      layout_basic, serial_shops, shop
D:3:      layout_loops_cross
D:4:      layout_rooms, marbit_many_paths, temple_green, roderic_batcave,
          amcnicky_mini_pool_small, chequers_decorated_corner
D:5:      layout_loops_cross, tgw_sif, lemuel_zombie_altar_kikubaaqudgha,
          minivault_26
D:6:      layout_cave_pools, vehumet_crystals, supply_closet_lemuel
D:7:      layout_cave_pools, hangedman_decor_slide_cut
Temple:   minmay_temple_forest_path

Skill      XL: |  1  2  3  4  5  6  7 |
---------------+----------------------+-----
Axes           | 3 4 5 6 7 |  7.6
Poison Magic   | 1 3 |  3.0
Invocations    | 1 2 |  2.3
Fighting       | |  3.0
Armour         | |  2.4
Shields        | |  2.6

Action                     |  1- 3 |  4- 6 |  7- 9 || total
---------------------------+-------+-------+-------++-------
  Melee: War axe           |    78 |   185 |    26 ||   289
Ability: Spit Poison       |     1 |    13 |     5 ||    19
    Use: Potion            |       |       |     2 ||     2
 Armour: Scale mail        |    20 |       |       ||    20
         Plate armour      |    21 |   129 |    17 ||   167
  Dodge: Dodged            |    28 |    32 |     3 ||    63
  Block: Buckler           |    20 |    51 |    24 ||    95
         Reflection        |       |       |     3 ||     3

Table legend: (Time is in decaauts)
 A = Elapsed time spent in this place.
 B = Non-inter-level travel time spent in this place.
 C = Inter-level travel time spent in this place.
 D = Time resting spent in this place.
 E = Time spent auto-exploring this place.
 F = Levels seen in this place.
 G = Mean time per level.
                   A        B        C        D        E       F      G
               +--------+--------+--------+--------+--------+-----+--------+
         Total |   5077 |   4808 |    269 |    337 |   3645 |   8 |  634.6 |
       Dungeon |   4511 |   4369 |    142 |    337 |   3224 |   7 |  644.4 |
        Temple |    565 |    439 |    126 |      0 |    421 |   1 |  565.0 |
               +--------+--------+--------+--------+--------+-----+--------+

Top non-repeatable levels by time:
     D:4: 1055 daAuts
     D:1: 944 daAuts
     D:3: 901 daAuts
     D:2: 883 daAuts
     D:5: 695 daAuts
  Temple: 565 daAuts
     D:6: 29 daAuts
     D:7: 1 daAuts
